 Dungeon Crawl Stone Soup version 0.30.0-20-g3b4254fcbd (webtiles) character file.

Game seed: 12926824130004809107

55 Graphine the Sneak (level 3, 0/33 HPs)
             Began as a Naga Brigand on June 2, 2023.
             Slain by a gnoll
             ... wielding a +0 flail
              (4 damage)
             ... on level 3 of the Dungeon.
             The game lasted 00:03:17 (2206 turns).

Graphine the Sneak (Naga Brigand)                   Turns: 2206, Time: 00:03:17

Health: 0/33       AC:  5    Str: 13    XL:     3   Next: 93%
Magic:  3/3        EV:  9    Int: 11    God:
Gold:   133        SH:  0    Dex: 14    Spells: 2/2 levels left

rFire   . . .        a - +2 dagger
rCold   . . .        (no shield)
rNeg    . . .        b - +0 robe
rPois   +            f - +0 helmet
rElec   .            c - +1 cloak
rCorr   .            (no gloves)
SInv    +            (no barding)
Will    .....        (no amulet)
Stlth   +++          (no ring)
HPRegen 0.25/turn    (no ring)
MPRegen 0.08/turn

%: no passive effects
@: short of breath, very slow
A: AC +1, large, see invisible, deformed body, poison resistance, slowness 2,
spit poison 1, naga tail 1
a: Spit Poison


You were on level 3 of the Dungeon.
You visited 1 branch of the dungeon, and saw 3 of its levels.

You collected 133 gold pieces.

Inventory:

Hand Weapons
 a - a +2 dagger (weapon)
Missiles
 d - 9 poisoned darts (quivered)
 e - 3 curare-tipped darts
Armour
 b - a +0 robe (worn)
 c - a +1 cloak (worn)
 f - a +0 helmet (worn)
 g - a +0 leather armour
Magical Staves
 l - a staff of air
Scrolls
 i - 2 scrolls of teleportation
 k - a scroll of poison {unknown}
Potions
 h - 4 potions of curing {unknown}
 j - 2 potions of brilliance


   Skills:
 + Level 2.6 Fighting
 + Level 2.6 Short Blades
 - Level 1.7 Throwing
 - Level 0.7 Dodging
 * Level 7.1 Stealth


You had 2 spell levels left.
You didn't know any spells.
Your spell library was empty.

Dungeon Overview and Level Annotations

Branches:
Dungeon (3/15)

Altars:

Annotations:
D:3 3 runed translucent doors, CerberUrsi's ghost, amateur MeBe; Elliot's ghost, amateur MiBe; Peloso's ghost, amateur MiFi; Sensen's ghost, amateur DsWn; caveywoolpert's ghost, amateur GrEE


Innate Abilities, Weirdness & Mutations

Your serpentine skin is tough. (AC +1)
You have supernaturally acute eyesight. (SInv)
Armour fits poorly on your strangely shaped body.
Your system is resistant to poisons. (rPois)
You cover ground very slowly.
You can spit poison.
You have a snake-like lower body.


Message History

You kill the orc!
No target in view!
A gnoll comes into view.
It is wielding a +0 spear of distortion.
Things that are here:
a +0 club; an orc corpse 2 gnolls come into view.
The gnoll shouts! x3
The gnoll barely misses you.
A gnoll comes into view. It is wielding a +0 spear.
You hit the gnoll.
The gnoll is lightly wounded.
The gnoll hits you with a +0 club! The gnoll closely misses you.
You barely miss the gnoll.
The gnoll is lightly wounded.
The gnoll hits you but does no damage.
The gnoll hits you with a +0 spear of distortion.
Space warps around you. The gnoll barely misses you.
The gnoll attacks as you move away! The gnoll hits you with a +0 club.
You barely miss the gnoll. The gnoll closely misses you.
You hit the gnoll. You punch the gnoll.
The gnoll is moderately wounded.
You hit the gnoll.
The gnoll is heavily wounded.
The gnoll closely misses you. The gnoll hits you with a +0 flail.
You hit the gnoll.
The gnoll is severely wounded.
The gnoll barely misses you.
The gnoll hits you from afar with a +0 spear of distortion.
The gnoll hits you with a +0 flail.
* * * LOW HITPOINT WARNING * * *
Aiming: Spit Poison (2% risk of failure)
Press: ? - help, Shift-Dir - straight line, f - gnoll
Aim: a gnoll, wielding a +0 spear (65% to hit)
The splash of poison hits the gnoll!
The gnoll is poisoned.
The gnoll is severely wounded.
The gnoll hits you with a +0 club.
* * * LOW HITPOINT WARNING * * *
The gnoll barely misses you. The gnoll hits you with a +0 flail.
You die...

.#..#.# #.# #.# #.#
.#..#.#########.# #.#
#.# ##..#...........#
#.# #.#
.......#############.#
#.#
..................##.#
#.#
.......#############.#
####.# .......# #.#
#....#
##'#################.#
#.####
##.............#@g...#
#.#
##############.#g#...#
#.#
.............#.#g#####
#.#
############.#.#g..g...#
#.#
......#......#.#########
#.# ...##.#.....<#.# #.#
#.....#......#.# #.#
.#.####......#.# #.#
.#...........#.# #.#


You could see 4 gnolls.

Vanquished Creatures
  2 adders
  A worm (D:2)
  A dart slug (D:2)
  3 orcs (D:3)
  4 bats
  2 endoplasms (D:3)
  2 hobgoblins
  A quokka (D:3)
  4 ball pythons
  2 frilled lizards
  2 goblins
  3 kobolds
  3 rats
30 creatures vanquished.

Notes
Turn   | Place    | Note
-------+----------+-------------------------------------------
     0 | D:1      | Graphine the Naga Brigand began the quest for the Orb.
     0 | D:1      | Reached XP level 1. HP: 19/19 MP: 1/1
   132 | D:1      | Reached skill level 6 in Stealth
   526 | D:2      | Reached XP level 2. HP: 26/26 MP: 2/2
   747 | D:2      | Reached XP level 3. HP: 33/33 MP: 3/3
  1692 | D:3      | Found a runed translucent gate.
  1692 | D:3      | Found a runed translucent gate.
  1692 | D:3      | Found a runed translucent gate.
  1695 | D:3      | Noticed CerberUrsi's ghost (amateur MeBe)
  1695 | D:3      | Noticed Elliot's ghost (amateur MiBe)
  1696 | D:3      | Noticed Peloso's ghost (amateur MiFi)
  1697 | D:3      | Noticed Sensen's ghost (amateur DsWn)
  1697 | D:3      | Noticed caveywoolpert's ghost (amateur GrEE)
  1993 | D:3      | Reached skill level 7 in Stealth
  2206 | D:3      | Slain by a gnoll

Illustrated notes

Levels and vault maps discovered:
D:1:      amcnicky_arrival_feature_with_door, layout_basic
D:2:      layout_loops_corners, dreamdust_princess_corridor
D:3:      layout_basic, gammafunk_ghost_cemetery, roderic_cross_of_infinity,
          minmay_curled_crystal, kennysheep_generic_room_11

Skill      XL: |  1  2  3 |
---------------+----------+-----
Stealth        | 6 7 |  7.1
Fighting       | |  2.6
Short Blades   | |  2.6
Throwing       | |  1.7
Dodging        | |  0.7

Action                     || total
---------------------------++-------
  Melee: Dagger            ||    77
         Punch             ||     2
  Throw: Dart              ||     1
Ability: Spit Poison       ||     4
    Use: Scroll            ||     6
   Stab: Sleeping          ||    12
 Armour: Robe              ||    36
  Dodge: Dodged            ||    41
